 Dungeon Crawl Stone Soup version 0.27.1 (webtiles) character file.

Game seed: 1893709651182176061

622 ZARRMARR the Cudgeller (level 7, -6/61 HPs)
             Began as a Minotaur Berserker on Aug 26, 2021.
             Was a Priest of Trog.
             Killed by divine providence
             ... invoked by an orc priest
              (11 damage)
             ... on level 5 of the Dungeon.
             The game lasted 00:12:46 (3469 turns).

ZARRMARR the Cudgeller (Minotaur Berserker)         Turns: 3469, Time: 00:12:46

Health: -6/61      AC:  9    Str: 24    XL:     7   Next: 22%
Magic:  6/6        EV:  9    Int:  4    God:    Trog [***...]
Gold:   249        SH:  0    Dex:  9    Spells: 6/6 levels left

rFire    . . .     SeeInvis .   a - +0 mace
rCold    . . .     Faith    .   (no shield)
rNeg     . . .     Spirit   .   v - +0 chain mail {rPois}
rPois    +         Reflect  .   (helmet restricted)
rElec    .         Harm     .   (no cloak)
rCorr    +         Rampage  .   (no gloves)
Will     .....                  (no boots)
Stlth    ..........             (no amulet)
HPRegen  0.20/turn              p - ring of resist corrosion
MPRegen  0.10/turn              (no ring)

@: on berserk cooldown, hasted and slowed
A: horns 2, retaliatory headbutt
a: Renounce Religion, Berserk, Trog's Hand


You were on level 5 of the Dungeon.
You worshipped Trog.
Trog was most pleased with you.
You visited 1 branch of the dungeon, and saw 5 of its levels.

You collected 249 gold pieces.

Inventory:

Hand Weapons
 a - a +0 mace (weapon)
Missiles
 g - 39 poisoned darts (quivered)
Armour
 v - a +0 chain mail of poison resistance (worn)
Jewellery
 p - a ring of resist corrosion (left hand)
Wands
 s - a wand of digging (6)
 u - a wand of charming (8)
 A - a wand of iceblast (13)
Scrolls
 d - a scroll of magic mapping
 i - a scroll of holy word
 k - a scroll of fear {unknown}
 m - 3 scrolls of enchant armour
 n - a scroll of brand weapon {unknown}
 o - a scroll of blinking {unknown}
 q - a scroll of teleportation {unknown}
 r - a scroll of amnesia {unknown}
 t - a scroll of noise {unknown}
 w - 2 scrolls of fog {unknown}
 y - a scroll of immolation {unknown}
Potions
 b - 3 potions of curing
 c - 2 potions of attraction {unknown}
 e - 3 potions of haste
 f - a potion of lignification {unknown}
 h - a potion of flight {unknown}
 j - 2 potions of degeneration {unknown}
 l - a potion of brilliance {unknown}
 x - 2 potions of resistance {unknown}
 z - a potion of ambrosia {unknown}


   Skills:
 + Level 5.5 Fighting
 + Level 7.2 Maces & Flails
 + Level 5.3 Armour
 + Level 3.3 Dodging


You had 6 spell levels left.
You didn't know any spells.
Your spell library contained the following spells:

 Spells                   Type           Power      Damage    Failure   Level
 Sting                    Tmut/Pois      0%         1d3       98%         1
 Summon Small Mammal      Summ           0%         N/A       98%         1
 Poisonous Vapours        Pois/Air       0%         N/A       99%         2
 Slow                     Hex            0%         N/A       99%         2
 Call Canine Familiar     Summ           0%         N/A       100%        3
 Confusing Touch          Hex            0%         N/A       100%        3
 Summon Guardian Golem    Hex/Summ       0%         N/A       100%        3
 Vampiric Draining        Necr           0%         2d6       100%        3
 Olgreb's Toxic Radiance  Pois           0%         N/A       100%        4
 Alistair's Intoxication  Tmut/Pois      0%         N/A       100%        5
 Borgnjor's Vile Clutch   Necr/Erth      0%         N/A       100%        5
 Eringya's Noxious Bog    Tmut/Pois      0%         N/A       100%        6


Dungeon Overview and Level Annotations

Branches:
Dungeon (5/15)
 Temple: D:4-7

Altars:
Makhleb

Annotations:
D:5 1 runed translucent door, Konebred's ghost, novice GrIE


Innate Abilities, Weirdness & Mutations

You have a pair of horns on your head.
You reflexively headbutt those who attack you in melee.


Message History

Things that are here:
a +0 club; a +0 leather armour You now have 249 gold pieces (gained 16).
Things that are here:
a +0 short sword; a +0 ring mail An orc priest comes into view.
It is wielding a +0 scimitar.
An orc priest is nearby!
The orc priest shouts!
You hear a shout!
Found a scroll labelled HAZXIELAEF.
The orc priest mumbles some strange prayers to Beogh against you.
Beogh smites you!
An orc priest comes into view. It is wielding a +0 quarterstaff.
Okay, then.
The orc priest invokes the aid of Beogh against you.
Pain shoots through your body!
The orc priest looks braver for a moment.
The orc priest mumbles some strange prayers to Beogh against you.
Pain shoots through your body!
The orc priest hits you with a +0 scimitar.
The orc priest invokes the aid of Beogh against you.
Pain shoots through your body!
You hit the orc priest.
The orc priest is moderately wounded.
The orc priest hits you but does no damage.
You barely miss the orc priest. Your headbutt misses the orc priest.
The orc priest is moderately wounded.
The orc priest hits you with a +0 scimitar.
* * * LOW HITPOINT WARNING * * *
The orc priest hits you but does no damage.
You feel yourself speed up.
The orc priest hits you but does no damage.
The orc priest casts a cantrip, but nothing happens.
Things that are here:
a +0 short sword; a +0 ring mail The orc priest mumbles some strange prayers to Beogh against you.
Beogh smites you!
* * * LOW HITPOINT WARNING * * *
The orc priest calls down the wrath of Beogh upon you.
Beogh smites you!
You die...

#. #.# # #.# #.
#.################
###.#####....)............
#............############.
###............# #.......
..............# #.######
#........@...# #.# #
#............# #.# #
#.(...)o.....# #.######
#..((..o.....# #.#....#
#.......##+### #.#.##.#
#.......#W≈.# #.#.....
#.......#.≈.# #.#..#.#
..<........#.≈.# #.#..#.#
##.#)?.....#.≈.# #.####..


You could see 2 orc priests and Konebred's ghost.

Vanquished Creatures
  A steam dragon (D:4)
  An ogre (D:5)
  Blork the orc (D:4)
  A bullfrog skeleton (D:4)
  A jelly (D:5)
  Ijyb (D:4)
  A centaur skeleton (D:4)
  Terence (D:2)
  2 iguanas
  4 adders
  4 gnolls (D:2)
  An adder skeleton (D:4)
  2 worms (D:2)
  A dart slug (D:3)
  5 orcs
  7 ball pythons
  5 endoplasms
  4 goblins
  8 hobgoblins
  2 quokkas (D:2)
  5 bats
  4 frilled lizards
  8 kobolds
  9 rats
79 creatures vanquished.

Notes
Turn   | Place    | Note
-------+----------+-------------------------------------------
     0 | D:1      | ZARRMARR the Minotaur Berserker began the quest for the
                  | Orb.
     0 | D:1      | Reached XP level 1. HP: 19/19 MP: 0/0
   454 | D:1      | Reached skill level 4 in Maces & Flails
   454 | D:1      | Reached XP level 2. HP: 27/27 MP: 1/1
   861 | D:1      | Found a faded altar of an unknown god.
  1162 | D:2      | Reached XP level 3. HP: 33/33 MP: 2/2
  1281 | D:2      | Reached XP level 4. HP: 37/40 MP: 3/3
  1283 | D:2      | Reached skill level 5 in Maces & Flails
  1399 | D:2      | Noticed Terence
  1406 | D:2      | Killed Terence
  1406 | D:2      | Reached ** piety under Trog
  1947 | D:3      | Found a burning altar of Makhleb.
  2044 | D:3      | Reached XP level 5. HP: 47/47 MP: 4/4
  2321 | D:4      | Noticed Ijyb
  2331 | D:4      | Killed Ijyb
  2532 | D:4      | Reached skill level 6 in Maces & Flails
  2660 | D:4      | Noticed Blork the orc
  2669 | D:4      | Killed Blork the orc
  2670 | D:4      | Reached XP level 6. HP: 55/55 MP: 5/5
  2792 | D:4      | Reached skill level 5 in Fighting
  2850 | D:4      | Noticed a steam dragon
  2858 | D:4      | Killed a steam dragon
  2858 | D:4      | Reached *** piety under Trog
  3191 | D:5      | Entered Level 5 of the Dungeon
  3209 | D:5      | Reached skill level 5 in Armour
  3383 | D:5      | Reached skill level 7 in Maces & Flails
  3383 | D:5      | Reached XP level 7. HP: 61/61 MP: 6/6
  3430 | D:5      | Found a runed translucent door.
  3437 | D:5      | Noticed Konebred's ghost (novice GrIE)
  3469 | D:5      | Killed from afar by an orc priest

Illustrated notes

Levels and vault maps discovered:
D:1:      sevenhm_arrival_forest_fort_large_2, layout_basic,
          hellmonk_ecumenical_altar_crossroads
D:2:      layout_basic, uniq_terence
D:3:      layout_rooms, mainiacjoe_overflow_brackets, st_stairs_8
D:4:      layout_basic, kennysheep_generic_room_14, uniq_ijyb,
          uniq_blork_the_orc
D:5:      layout_basic, okawaru_trees_2, minmay_temple_entry_enclosed_plants,
          ebering_ghost_reflecting_pool, uniq_crazy_yiuf_cottage

Skill      XL: |  1  2  3  4  5  6 |
---------------+-------------------+-----
Maces & Flails | 4 5 6 7 |  7.2
Fighting       | 4 5 |  5.5
Armour         | 3 4 5 |  5.3
Dodging        | 3 |  3.3

Action                   |  1- 3 |  4- 6 |  7- 9 || total
-------------------------+-------+-------+-------++-------
Melee: Mace              |    47 |    78 |     7 ||   132
       Headbutt          |     3 |    16 |     1 ||    20
Throw: Boomerang         |     8 |    48 |       ||    56
       Dart              |       |    18 |     5 ||    23
Invok: Berserk           |     5 |     8 |     1 ||    14
  Use: Scroll            |     3 |     2 |       ||     5
       Potion            |       |       |     1 ||     1
Armor: Animal skin       |     7 |       |       ||     7
       Ring mail         |    12 |     4 |       ||    16
       Chain mail        |       |    21 |     5 ||    26
Dodge: Dodged            |    40 |    26 |     1 ||    67
